 Dungeon Crawl Stone Soup version 0.27-a0-1144-g0b7d3b79db (webtiles) character file.

Game seed: 10647123965557892412

412 freelancePsychic the Covert (level 7, -1/41 HPs)
             Began as a Kobold Delver on May 10, 2021.
             Slain by an orc warrior
             ... wielding a +0 dire flail
              (17 damage)
             ... on level 4 of the Dungeon.
             The game lasted 00:08:53 (3952 turns).

freelancePsychic the Covert (Kobold Delver)         Turns: 3952, Time: 00:08:53

Health: -1/41      AC:  7    Str: 10    XL:     7   Next: 14%
Magic:  7/7        EV: 11    Int: 13    God:
Gold:   110        SH:  0    Dex: 20    Spells: 6/6 levels left

rFire    . . .     SeeInvis .   b - +11 spear of Memeraex {pain, rN+ Will+ Dex+4}
rCold    . . .     Faith    .   (shield restricted)
rNeg     + . .     Spirit   .   f - +1 scale mail
rPois    .         Reflect  .   (no helmet)
rElec    .         Harm     .   (no cloak)
rCorr    .         Rampage  .   (no gloves)
Will     .....                  (no boots)
Stlth    ++++......             (no amulet)
HPRegen  0.13/turn              (no ring)
MPRegen  0.10/turn              (no ring)

@: about to teleport, weak-willed
A: small, no large weapons, nightstalker 3
a: no special abilities


You were on level 4 of the Dungeon.
You visited 1 branch of the dungeon, and saw 5 of its levels.

You collected 110 gold pieces.

Inventory:

Hand Weapons
 a - a +0 short sword
 b - the +11 spear of Memeraex (weapon) {pain, rN+ Will+ Dex+4}
   (You found it on level 4 of the Dungeon)

   In the hands of one skilled in necromantic magic, it inflicts extra damage on
   living creatures.
   It affects your dexterity (+4).
   It protects you from negative energy.
   It increases your willpower.
Armour
 d - a +0 leather armour
 f - a +1 scale mail (worn)
Jewellery
 h - a ring of magical power
Wands
 g - a wand of digging (3)
Scrolls
 c - a scroll of fog
 i - a scroll of enchant armour
 k - a scroll of identify {@r1}
 n - a scroll of noise
Potions
 j - a potion of curing {unknown}
 l - a potion of brilliance {unknown}
 o - a potion of flight {unknown}
 q - a potion of might {unknown}


   Skills:
 - Level 3.2 Fighting
 - Level 6.1 Short Blades
 * Level 2.6 Polearms
 - Level 2.4 Dodging
 - Level 8.1 Stealth
 + Level 2.2 Necromancy


You had 6 spell levels left.
You didn't know any spells.
Your spell library was empty.

Dungeon Overview and Level Annotations

Branches:
Dungeon (5/15)
 Temple: D:4-7

Altars:
Elyvilon


Innate Abilities, Weirdness & Mutations

You are small and have problems with some larger weapons.
You are completely attuned to the shadows.


Message History

You are too injured to fight recklessly!
You are too injured to fight recklessly!
You are too injured to fight recklessly!
You are too injured to fight recklessly!
You are too injured to fight recklessly!
You are too injured to fight recklessly!
You are too injured to fight recklessly!
You are too injured to fight recklessly!
You are too injured to fight recklessly!
As you read the scroll of fear, it crumbles to dust.
You assume a fearsome visage.
The orc warrior resists with almost no effort.
The orc warrior completely misses you.
You see here a +0 dagger.
There is a white marble altar of Elyvilon here.
You see here a +0 dagger.
There is a fountain of clear blue water here.
Okay, then.
The orc warrior hits you with a +0 dire flail!!
You see here a +0 leather armour.
Okay, then.
A jackal skeleton comes into view.
The jackal skeleton bites you. The jackal skeleton barely misses you.
The jackal skeleton closely misses you.
You see here 7 stones.
As you read the scroll labelled YMOUTE INGU, it crumbles to dust.
It is a scroll of enchant armour.
Your +0 scale mail glows green for a moment.
As you read the scroll labelled LUITRU PIFF, it crumbles to dust.
It is a scroll of identify.
n - a scroll of noise The orc warrior barely misses you.
As you read the scroll labelled NITEKHL SETZIE, it crumbles to dust.
Magic quickly surges around you.
It was a scroll of vulnerability.
The orc warrior hits you with a +0 dire flail.
As you read the scroll labelled AVUANYU NARI, it crumbles to dust.
You feel strangely unstable.
It was a scroll of teleportation.
The orc warrior hits you with a +0 dire flail!
You die...

######.##.# #..# #.#
#.##.# #..# #.# #.##.#
#..# #.#
#.##.###..##### #.#
#.............######.#
####.###..#.#........#
#.# #Z##.##########
############.# #o#...#
## .............#
#@#.♣.# #.
############## #.#...#
#. #.##.## #. ####.#
#. ##### ##)## #####
#.
###...###...###)..###
#. .
#...♣....._.....♣...#
#. .#
#.#...###...###...#.#
#. .# ##.#####
##.########.# #.


You could see an orc warrior (weak-willed) and a jackal skeleton (weak-willed).

Vanquished Creatures
  2 ogres (D:4)
  A centaur skeleton (D:4)
  An iguana (D:4)
  A hound zombie (D:2)
  A hound skeleton (D:4)
  Robin (D:2)
  5 adders
  A worm (D:3)
  A dart slug (D:4)
  5 orcs
  5 bats
  9 endoplasms
  8 giant cockroaches
  19 goblins
  7 hobgoblins
  4 jackals (D:4)
  5 kobolds
  3 quokkas
  3 ball pythons
  A frilled lizard (D:3)
  5 rats
88 creatures vanquished.

Notes
Turn   | Place    | Note
-------+----------+-------------------------------------------
     0 | D:5      | freelancePsychic the Kobold Delver began the quest for the
                  | Orb.
     0 | D:5      | Reached XP level 1. HP: 14/14 MP: 1/1
    56 | D:4      | Reached XP level 2. HP: 19/19 MP: 2/2
    72 | D:4      | Reached skill level 7 in Stealth
    72 | D:4      | Reached XP level 3. HP: 15/23 MP: 3/3
   192 | D:4      | Reached XP level 4. HP: 28/28 MP: 4/4
   235 | D:4      | Found a white marble altar of Elyvilon.
   339 | D:4      | Noticed an ogre
   343 | D:4      | Killed an ogre
   344 | D:4      | Reached XP level 5. HP: 32/32 MP: 5/5
   402 | D:4      | Identified the +11 spear of Memeraex {pain, rN+ Will+
                  | Dex+4}
  1358 | D:3      | Reached XP level 6. HP: 37/37 MP: 6/6
  1609 | D:3      | Reached skill level 8 in Stealth
  1682 | D:2      | Noticed Robin
  1689 | D:3      | Reached skill level 1 in Polearms
  1738 | D:2      | Reached skill level 1 in Necromancy
  1802 | D:2      | Found a faded altar of an unknown god.
  1913 | D:2      | You fall into a shaft and drop 2 floors!
  1978 | D:2      | Killed Robin
  3631 | D:4      | Noticed an ogre
  3637 | D:4      | Killed an ogre
  3638 | D:4      | Reached XP level 7. HP: 41/41 MP: 7/7
  3952 | D:4      | Slain by an orc warrior

Illustrated notes

Levels and vault maps discovered:
D:1:      lemuel_arrival_tunnels, layout_loops_corners, minmay_parallelograms
D:2:      layout_rooms, ebering_ecumenical_altar_box, serial_corexii_hall,
          chequers_hall_statues_wall_a, corexii_hall_statues_l,
          chequers_hall_statues_wall_a, corexii_hall_statues_i,
          minmay_pentomino_o4, uniq_robin
D:3:      layout_loops_cross
D:4:      layout_loops_ring, elyvilon_altar_1, grunt_temple_overflow_cloverleaf
D:5:      layout_rooms, minmay_tree_intersection,
          chequers_serial_rivers_micro_e, hellmonk_bongcloud_opening,
          uniq_sigmund

Skill      XL: |  1  2  3  4  5  6 |
---------------+-------------------+-----
Short Blades   | 3 4 6 |  6.1
Stealth        | 7 8 |  8.1
Polearms       | 2 |  2.6
Necromancy     | 2 |  2.2
Fighting       | |  3.2
Dodging        | |  2.4

Action                   |  1- 3 |  4- 6 |  7- 9 || total
-------------------------+-------+-------+-------++-------
Melee: Short sword       |    23 |    43 |       ||    66
       Spear             |       |   108 |    15 ||   123
  Use: Scroll            |     1 |       |     5 ||     6
       Potion            |       |     1 |       ||     1
 Stab: Sleeping          |     6 |    40 |       ||    46
       Distracted        |       |     2 |     1 ||     3
Armor: Leather armour    |     7 |     3 |       ||    10
       Scale mail        |       |    18 |       ||    18
Dodge: Dodged            |    14 |    40 |    10 ||    64

Table legend: (Time is in decaauts)
 A = Elapsed time spent in this place.
 B = Non-inter-level travel time spent in this place.
 C = Inter-level travel time spent in this place.
 D = Time resting spent in this place.
 E = Time spent auto-exploring this place.
 F = Levels seen in this place.
 G = Mean time per level.
                   A        B        C        D        E       F      G
               +--------+--------+--------+--------+--------+-----+--------+
         Total |   3928 |   3783 |    145 |    345 |   2752 |   5 |  785.6 |
       Dungeon |   3928 |   3783 |    145 |    345 |   2752 |   5 |  785.6 |
               +--------+--------+--------+--------+--------+-----+--------+

Top non-repeatable levels by time:
     D:4: 1270 daAuts
     D:1: 1027 daAuts
     D:3: 900 daAuts
     D:2: 720 daAuts
     D:5: 10 daAuts
